 Dungeon Crawl Stone Soup version 0.31.0-9-g3a7656b989 (webtiles) character file.

Game seed: 12157866992964470546

9 GordonOverkill the Trooper (level 2, -1/48 HPs)
             Began as an Oni Berserker on Jan 31, 2024.
             Was a Follower of Trog.
             Slain by a kobold
             ... wielding a +6 dagger of electrocution
              (15 damage)
             ... on level 1 of the Dungeon.
             The game lasted 00:00:19 (123 turns).

GordonOverkill the Trooper (Oni Berserker)           Turns: 123, Time: 00:00:20

Health: -1/48      AC:  3    Str: 20    XL:     2   Next: 12%
Magic:  2/2        EV: 10    Int:  8    God:    Trog [*.....]
Gold:   5          SH:  0    Dex:  8    Spells: 1/1 levels left

rFire   . . .        a - +0 mace
rCold   . . .        (no shield)
rNeg    . . .        b - +0 animal skin
rPois   .            (helmet restricted)
rElec   .            (no cloak)
rCorr   .            (gloves unavailable)
SInv    .            (boots unavailable)
Will    .....        (no amulet) Stlth
                     (no ring)
HPRegen 0.28/turn    (no ring)
MPRegen 0.08/turn

%: no passive effects
@: berserking, very quick
A: large, unfitting armour, horns 1, tough skin 1, double potion healing,
drunken brawling
a: Renounce Religion, Berserk


You were on level 1 of the Dungeon.
You worshipped Trog.
Trog was aware of your devotion.
You visited 1 branch of the dungeon, and saw 1 of its levels.

You collected 5 gold pieces.

Inventory:

Hand Weapons
 a - a +0 mace (weapon)
Armour
 b - a +0 animal skin (worn)


   Skills:
 - Level 4.0 Fighting
 + Level 3.6 Maces & Flails
 - Level 2.6 Dodging


You had one spell level left.
You didn't know any spells.
Your spell library was empty.

Dungeon Overview and Level Annotations

Branches:
Dungeon (1/15)

Altars:


Innate Abilities, Weirdness & Mutations

You are too large for most types of armour.
You have a pair of small horns on your head.
You have tough skin. (AC +1)
You gain doubled healing and magic from potions.
Whenever you drink a healing potion, you attack all around you.


Message History

A kobold comes into view.
It is wielding a +6 dagger of electrocution.
Found 4 stones.
The kobold shouts!
Found 15 gold pieces.
You barely miss the ball python. Your headbutt misses the ball python.
The ball python bites you.
You hit the ball python. Your headbutt misses the ball python.
The ball python is heavily wounded.
The ball python bites you. x2
You are too injured to fight recklessly!
You are too injured to fight recklessly!
You are too injured to fight recklessly!
You are too injured to fight recklessly!
A red film seems to cover your vision as you go berserk!
You feel yourself moving faster!
You feel mighty! The ball python barely misses you.
You thump the ball python!
You kill the ball python!
Trog accepts your kill.
The kobold hits you with a +6 dagger of electrocution.
You have reached level 2!
You completely miss the endoplasm.
The kobold hits you with a +6 dagger of electrocution.
You are electrocuted!
* * * LOW HITPOINT WARNING * * *
The endoplasm splashes around in the water.
You hit the endoplasm.
You kill the endoplasm!
Trog accepts your kill. The kobold completely misses you.
You enter the shallow water.
The kobold closely misses you.
You closely miss the kobold. Your headbutt misses the kobold.
You barely miss the kobold.
The kobold hits you with a +6 dagger of electrocution.
* * * LOW HITPOINT WARNING * * *
You closely miss the kobold.
The kobold hits you with a +6 dagger of electrocution!
* * * LOW HITPOINT WARNING * * *
You are electrocuted!
You die...

#.# ..#
........# ....
### .......$#
..(. # ........
.... # ........
... . #
......###.###.#
# ............#
#
#######.K......#
#####
#........@~~...#
#...#
#.#####.†~~~...#
#.#.# #.#
#..~~~...# ..#.#
#.# #..~~~..##
###.####.#
#...⌠...#
#......#
##.....##
########
$.......
.####?## .#


You could see a kobold.

Vanquished Creatures
  A ball python (D:1)
  4 endoplasms (D:1)
  A kobold (D:1)
  A bat (D:1)
7 creatures vanquished.

Notes
Turn   | Place    | Note
-------+----------+-------------------------------------------
     0 | D:1      | GordonOverkill the Oni Berserker began the quest for the
                  | Orb.
     0 | D:1      | Reached XP level 1. HP: 24/24 MP: 1/1
   118 | D:1      | Reached XP level 2. HP: 32/32 MP: 2/2
   123 | D:1      | Slain by a kobold

Illustrated notes

Levels and vault maps discovered:
D:1:      elethiomel_arrival_shortcut, layout_basic, serial_park_tiny_pond

Action                     || total
---------------------------++-------
  Melee: Mace              ||    15
         Headbutt          ||     2
 Invoke: Berserk           ||     1
 Armour: Animal skin       ||    11
  Dodge: Dodged            ||     9
